Map: [ESL] Altitude

Players

MaxPax - Winner!

  • Race: Protoss Protoss
  • Spawn Location: 7:00

SKillous

  • Race: Protoss Protoss
  • Spawn Location: 1:00

Event: ESL SC2 Masters 2023 Summer (Regionals)

VOD

Have the link to the VOD?

Description

Time

  • Played on: May 20, 2023, 12:54 p.m.
  • Length: 14:13

All games in this series

Show
View Real Time Build Order
Export as new Build Order

MaxPax Protoss - Winner!

Build Orders: Oracle Opening 

Get SALT Encoding   

  12  0:00  Probe  
  13  0:12  Probe  
  14  0:19  Pylon  
  14  0:24  Probe  
  15  0:37  Probe (Chrono Boost)  
  15  0:38  Gateway  
  16  0:46  Probe (Chrono Boost)  
  16  0:47  Assimilator  
  17  0:51  Probe (Chrono Boost)  
  18  1:03  Probe  
  19  1:15  Probe  
  20  1:22  Assimilator  
  20  1:25  Pylon  
  20  1:26  Cybernetics Core  
  20  1:28  Probe (Chrono Boost)  
  21  1:37  Probe (Chrono Boost)  
  22  1:42  Probe (Chrono Boost)  
  22  1:43  Zealot  
  26  1:54  Probe  
  26  2:07  Stargate  
  27  2:12  Warp Gate  
  26  2:22  Nexus  
  26  2:30  Stalker  
  28  2:41  Shield Battery  
  28  2:48  Oracle (Chrono Boost)  
  31  2:54  Pylon  
  31  2:58  Probe  
  34  3:12  Probe  
  34  3:16  Oracle (Chrono Boost)  
  37  3:25  Probe  
  38  3:29  Gateway  
  36  3:35  Probe  
  36  3:38  Twilight Council  
  37  3:41  Probe  
  37  3:47  Probe (Chrono Boost)  
  40  3:57  Probe (Chrono Boost)  
  40  3:59  Probe (Chrono Boost)  
  41  4:05  Stalker  
  41  4:08  Probe (Chrono Boost)  
  41  4:09  Probe (Chrono Boost)  
  45  4:14  Probe  
  45  4:15  Blink (Chrono Boost)  
  46  4:18  Probe  
  47  4:26  Probe  
  47  4:30  Probe  
  47  4:31  Pylon  
  49  4:34  Stalker x2  
  49  4:38  Probe  
  54  4:49  Probe, Gateway  
  54  4:50  Probe, Gateway  
  53  5:00  Stalker x2  
  53  5:02  Probe  
  53  5:03  Probe  
  53  5:06  Pylon  
  59  5:14  Probe  
  59  5:15  Probe  
  59  5:19  Pylon  
  61  5:27  Stalker  
  61  5:28  Stalker  
  64  5:29  Probe  
  64  5:30  Probe  
  66  5:36  Pylon, Assimilator  
  66  5:48  Stalker x2  
  67  5:53  Pylon, Stalker x2  
  70  6:02  Pylon  
  70  6:06  Pylon  
  70  6:12  Stalker x2  
  74  6:19  Probe  
  74  6:21  Nexus  
  75  6:27  Stalker x2  
  75  6:28  Probe  
  75  6:31  Probe  
  75  6:40  Probe  
  75  6:43  Probe  
  77  6:47  Stalker x2  
  77  6:52  Probe  
  82  6:55  Probe  
  82  6:56  Forge  
  82  6:58  Stalker  
  82  6:59  Stalker  
  87  7:04  Probe  
  87  7:07  Probe  
  89  7:16  Probe  
  89  7:19  Probe  
  91  7:23  Stalker x3  
  91  7:25  Stalker  
  91  7:28  Probe  
  100  7:32  Probe (Chrono Boost)  
  100  7:33  Probe (Chrono Boost)  
  100  7:36  Protoss Ground Weapons Level 1 (Chrono Boost)  
  100  7:40  Probe (Chrono Boost)  
  100  7:44  Probe (Chrono Boost)  
  102  7:45  Gateway x2, Robotics Facility  
  102  7:46  Probe (Chrono Boost)  
  102  7:50  Probe (Chrono Boost)  
  105  7:51  Probe (Chrono Boost)  
  105  7:56  Assimilator  
  105  7:57  Probe, Adept x2  
  105  7:58  Probe  
  110  8:00  Pylon  
  112  8:10  Charge  
  111  8:13  Shield Battery  
  111  8:16  Pylon  
  111  8:20  Stalker  
  111  8:21  Nexus, Stalker  
  115  8:35  Stalker x2  
  115  8:36  Probe, Observer  
  121  8:43  Probe  
  121  8:44  Zealot x4  
  121  8:47  Probe  
  131  8:49  Probe  
  132  8:56  Probe  
  132  8:59  Probe  
  132  9:03  Pylon  
  132  9:06  Dark Shrine  
  132  9:09  Gateway  
  132  9:10  Pylon  
  132  9:11  Warp Prism (Chrono Boost)  
  132  9:12  Gateway  
  132  9:14  Gateway  
  132  9:19  Pylon, Photon Cannon  
  132  9:23  Zealot x3  
  137  9:31  Zealot x3  
  139  9:36  Protoss Ground Weapons Level 2 (Chrono Boost)  
  139  9:37  Pylon  
  141  9:45  Probe  
  142  9:52  Stalker x5  
  146  10:00  Immortal (Chrono Boost)  
  146  10:01  Zealot  
  136  10:07  Probe  
  136  10:09  Zealot x3  
  136  10:11  Probe  
  131  10:16  Zealot x4  
  131  10:17  Gateway  
  131  10:21  Probe  
  140  10:22  Photon Cannon  
  139  10:29  Dark Templar x2  
  139  10:31  Stalker x2  
  139  10:34  Stalker  
  146  10:37  Dark Templar  
  146  10:38  Zealot  
  146  10:39  Observer  
  139  10:45  Zealot x2  
  129  10:55  Dark Templar  
  129  10:57  Zealot  
  125  11:00  Observer  
  125  11:06  Stalker x4  
  125  11:07  Stalker x2  
  119  11:19  Nexus  
  119  11:22  Pylon  
  119  11:30  Stalker x4  
  126  11:39  Stalker  
  128  11:40  Stalker  
  128  11:41  Zealot  
  128  11:46  Shield Battery  
  132  11:52  Stalker x3  
  137  12:00  Stalker x2  
  139  12:10  Observer  
  139  12:11  Stalker  
  135  12:27  Stalker x4  
  141  12:31  Probe  
  141  12:34  Photon Cannon  
  141  12:36  Zealot x3  
  148  12:37  Probe  
  149  12:47  Zealot  
  151  12:51  Probe  
  151  12:52  Probe x2  
  151  12:58  Probe  
  153  13:09  Zealot x4  
  153  13:10  Zealot x2  
  154  13:13  Probe  
  154  13:16  Probe  
  150  13:20  Probe, Observer  
  150  13:26  Zealot x4  
  155  13:30  Probe x2  
  153  13:38  Stalker  
  155  13:51  Pylon x2  
  143  14:00  Zealot x9  
Show
View Real Time Build Order
Export as new Build Order

SKillous Protoss 

Build Orders: Blink Stalkers 

Get SALT Encoding   

  12  0:00  Probe  
  13  0:12  Probe  
  14  0:17  Pylon  
  14  0:24  Probe  
  15  0:35  Gateway  
  15  0:36  Probe (Chrono Boost)  
  16  0:43  Assimilator  
  16  0:47  Probe (Chrono Boost)  
  17  0:52  Probe (Chrono Boost)  
  18  0:58  Assimilator  
  19  1:04  Probe (Chrono Boost)  
  19  1:09  Gateway  
  19  1:13  Probe (Chrono Boost)  
  20  1:20  Probe  
  21  1:26  Cybernetics Core  
  21  1:32  Probe  
  22  1:38  Pylon  
  22  1:44  Probe  
  23  1:48  Pylon  
  23  1:56  Pylon  
  23  2:06  Probe, Stalker  
  23  2:07  Warp Gate  
  26  2:11  Stalker  
  28  2:18  Probe  
  30  2:41  Nexus  
  29  2:48  Shield Battery  
  29  2:50  Probe  
  30  2:57  Pylon  
  30  3:02  Probe  
  31  3:13  Twilight Council  
  31  3:14  Sentry  
  31  3:15  Probe (Chrono Boost)  
  34  3:25  Probe (Chrono Boost)  
  35  3:29  Shield Battery  
  35  3:30  Probe (Chrono Boost)  
  37  3:42  Probe (Chrono Boost)  
  37  3:46  Blink (Chrono Boost)  
  37  3:48  Probe (Chrono Boost)  
  37  3:54  Probe  
  39  3:58  Stalker  
  39  4:01  Stalker  
  43  4:03  Probe  
  43  4:06  Probe  
  45  4:16  Pylon  
  42  4:22  Probe (Chrono Boost)  
  42  4:25  Stalker  
  42  4:26  Probe (Chrono Boost)  
  42  4:27  Stalker  
  47  4:33  Probe (Chrono Boost)  
  47  4:36  Probe (Chrono Boost)  
  47  4:38  Probe (Chrono Boost)  
  49  4:46  Probe  
  49  4:48  Probe  
  49  4:49  Stalker  
  49  4:51  Stalker  
  55  4:58  Probe  
  52  5:00  Probe  
  53  5:10  Probe  
  53  5:12  Stalker  
  53  5:14  Stalker  
  58  5:15  Probe  
  58  5:18  Pylon  
  59  5:22  Probe  
  59  5:27  Probe  
  61  5:28  Nexus  
  61  5:34  Probe  
  62  5:38  Stalker  
  62  5:42  Probe  
  63  5:48  Probe (Chrono Boost)  
  63  5:49  Stalker  
  64  5:54  Probe (Chrono Boost), Robotics Facility  
  65  6:02  Sentry  
  67  6:04  Probe x2 (Chrono Boost)  
  67  6:09  Probe (Chrono Boost)  
  67  6:10  Probe  
  69  6:12  Shield Battery  
  69  6:15  Pylon  
  69  6:16  Shield Battery  
  69  6:18  Shield Battery  
  69  6:22  Probe  
  69  6:25  Stalker  
  70  6:33  Probe (Chrono Boost)  
  70  6:35  Probe (Chrono Boost)  
  70  6:39  Forge, Assimilator  
  70  6:41  Stalker  
  70  6:44  Probe (Chrono Boost)  
  70  6:45  Probe (Chrono Boost)  
  71  6:48  Immortal (Chrono Boost)  
  71  6:49  Probe x2 (Chrono Boost)  
  76  6:55  Probe  
  76  6:59  Probe  
  79  7:07  Stalker  
  80  7:08  Stalker  
  80  7:11  Probe x2  
  80  7:12  Gateway  
  80  7:13  Protoss Ground Weapons Level 1 (Chrono Boost)  
  85  7:22  Immortal  
  89  7:23  Probe  
  89  7:28  Gateway  
  89  7:31  Probe x2  
  89  7:35  Stalker  
  93  7:43  Pylon  
  93  7:45  Pylon  
  93  7:46  Assimilator  
  93  7:47  Pylon  
  91  7:53  Charge, Gateway  
  91  7:55  Pylon  
  91  7:58  Pylon, Gateway  
  91  8:02  Pylon  
  90  8:07  Gateway  
  90  8:08  Probe, Gateway, Stalker  
  90  8:09  Sentry  
  90  8:10  Pylon  
  90  8:11  Sentry  
  97  8:14  Pylon  
  97  8:18  Observer (Chrono Boost)  
  99  8:23  Stalker  
  100  8:27  Pylon  
  98  8:38  Stalker x2  
  98  8:39  Stalker  
  104  8:46  Stalker  
  102  8:49  Stalker  
  102  8:50  Probe x2 (Chrono Boost)  
  102  8:54  Stalker  
  107  8:57  Probe (Chrono Boost)  
  106  9:03  Stalker x5  
  106  9:09  Probe  
  117  9:19  Zealot x3  
  117  9:22  Pylon  
  123  9:27  Warp Prism (Chrono Boost)  
  123  9:28  Gateway  
  123  9:30  Gateway  
  123  9:33  Stalker  
  123  9:34  Stalker  
  127  9:43  Stalker x3  
  127  9:45  Sentry  
  135  9:54  Photon Cannon  
  131  10:01  Observer x2 (Chrono Boost)  
  116  10:07  Zealot x3, Stalker x3  
  116  10:08  Zealot  
  124  10:17  Observer (Chrono Boost)  
  125  10:24  Observer, Stalker  
  127  10:31  Photon Cannon  
  127  10:34  Zealot x8  
  119  10:51  Zealot x2  
  119  10:53  Observer  
  119  10:57  Zealot x5  
  119  11:00  Protoss Ground Weapons Level 2 (Chrono Boost)  
  119  11:11  Observer  
  101  11:21  Stalker x3  
  101  11:24  Probe (Chrono Boost)  
  110  11:30  Zealot x3  
  114  11:49  Photon Cannon  
  114  11:51  Nexus  
  112  11:54  Pylon  
  107  12:14  Stalker x5, Sentry  
  119  12:21  Probe  
  119  12:22  Probe  
  115  12:33  Shield Battery  
  115  12:34  Probe x2  
  115  12:35  Shield Battery  
  117  12:39  Stalker x3  
  117  12:41  Probe  
  124  12:45  Observer (Chrono Boost), Robotics Bay  
  124  12:47  Probe  
  124  12:49  Probe  
  127  12:52  Stalker  
  127  12:58  Stalker x2  
  133  12:59  Observer  
  128  13:07  Probe x2  
  128  13:08  Pylon  
  128  13:09  Zealot x2  
  128  13:11  Zealot  
  121  13:16  Zealot x2  
  99  13:21  Stalker  
  99  13:24  Probe  
  96  13:31  Disruptor (Chrono Boost)  
  96  13:32  Stalker x3  
  97  13:37  Probe x2  
  102  13:42  Probe x2  
  102  13:46  Sentry  
  102  13:47  Stalker  
  102  13:48  Sentry  
  108  13:55  Stalker x2  
  106  14:02  Zealot x3  
  96  14:03  Zealot  
Tags
 
Add a new tag
Caveats
  • Supply blocks, unpowered buildings, or Contaminate may cause inaccurate times.
  • Supply counts are checked every 10 seconds.